AoeStats
← Elpablicito1

Migration

509983614Analyzed
1v1 RM · 4d ago on Sep 28, 2026· 67m 3s· 2 players
Game mode
Random Map
Map size
132×132
Population
200
Speed
Normal
Resources
Standard
Victory
Conquest
Starting age
Dark Age
Ending age
Imperial Age
RankedLock teamsTeams togetherTeam positionsShared explorationLock speedFull tech treeHidden civsTurbo modeCheats
Victory
Defeat
🇬🇧 Japanese · United Kingdom
452
+16
🇪🇸 Italians · Spain
448
-16
GREMBLIN
12:12 Feudal Age
13:26 Gold Mining
13:32 Fishing Lines
14:51 Double-Bit Axe
17:43 Stone Mining
22:51 Castle Age
24:13 Thumb Ring
23:29 Elite Skirmisher
24:12 Squires
23:58 Arson
23:34 Pikeman
25:15 Medium Warships
24:59 Gillnets
27:01 Fletching
27:22 Forging
27:13 Scale Mail Armor
27:14 Padded Archer Armor
27:32 Bow Saw
28:05 Wheelbarrow
27:16 Loom
27:17 Town Watch
30:32 Bodkin Arrow
31:14 Iron Casting
30:56 Leather Archer Armor
32:57 Stone Shaft Mining
37:00 Imperial Age
34:58 Chain Mail Armor
35:14 Ballistics
34:50 Murder Holes
36:11 Hand Cart
38:50 Heavy Warships
38:58 Heavy Warships
39:53 Conscription
40:10 Hoardings
45:33 Chemistry
44:44 Masonry
47:59 Elite Cannon Galleon
61:32 Blast Furnace
66:13 Bracer
66:44 Plate Mail Armor
66:45 Ring Archer Armor
Elpablicito1
0:57 Loom
14:21 Feudal Age
15:10 Double-Bit Axe
17:19 Wheelbarrow
16:50 Fishing Lines
22:17 Castle Age
22:02 Fletching
22:14 Scale Mail Armor
22:25 Forging
22:16 Horse Collar
22:29 Gold Mining
23:50 Man-at-Arms
24:17 Gambesons
24:18 Arson
25:33 Medium Warships
27:12 Murder Holes
27:15 Bodkin Arrow
29:17 Heavy Plow
29:11 Gillnets
30:13 Squires
32:06 Hand Cart
31:38 Town Watch
32:44 Bow Saw
35:37 Chain Mail Armor
35:57 Iron Casting
38:25 Imperial Age
37:48 Careening
37:59 Ballistics
37:53 Careening
38:16 Chain Mail Armor
38:37 Iron Casting
38:59 Fervor
41:15 Chemistry
41:42 Treadmill Crane
42:15 Masonry
43:04 Plate Mail Armor
44:45 Conscription
44:46 Kataparuto
48:04 Clinker Construction
51:34 Gold Shaft Mining
52:59 Blast Furnace
53:08 Elite Cannon Galleon
54:19 Heavy Warships
57:10 Elite Samurai
58:06 Siege Engineers
59:29 Carvel Hull
60:59 Thumb Ring
60:17 Crossbowman
66:34 Dry Dock
66:07 Guard Tower
Connection lost

Rejoining the realm…

Still unreachable

The connection could not be restored.

Session expired

The server has moved on; the page needs a fresh start.